 Dungeon Crawl Stone Soup version 0.19.5 (webtiles) character file.

136 tidbits the Shooter (level 4, 3/43 HPs)
             Began as a High Elf Wanderer on Oct 30, 2017.
             Quit the game on level 4 of the Dungeon.
             The game lasted 00:10:02 (769 turns).

tidbits the Shooter (High Elf Wanderer)              Turns: 769, Time: 00:10:02

Health: 3/43       AC: 22    Str: 10 (12) XL:     4   Next: 98%
Magic:  5/5        EV:  2    Int: 16 (19) God:
Gold:   59         SH:  0    Dex: 10 (13) Spells: 0 memorised, 3 levels left

rFire  . . .     SeeInvis .     (no weapon)
rCold  . . .     Gourm    .     (armour currently unavailable)
rNeg   + + +     Faith    .     (no shield)
rPois  +         Spirit   .     (helmet currently unavailable)
rElec  .         Reflect  .     (cloak currently unavailable)
rCorr  .         Harm     .     (gloves currently unavailable)
MR     .....     NoTele   +     (boots currently unavailable)
Stlth  +.........               (no amulet)
                                (no ring)
                                (no ring)

@: lethally poisoned (3 -> -1), tree-form
A: (beak), (talons 0), clever 1
a: no special abilities


You were on level 4 of the Dungeon.
You were not hungry.
You were a tree.
You visited 1 branch of the dungeon, and saw 4 of its levels.

You collected 89 gold pieces.
You spent 30 gold pieces at shops.

Inventory:

Hand Weapons
 a - a +2 shortbow
 b - a +0 quarterstaff
 f - a +0 hand axe
 k - a +0 club
   (You took it off a hobgoblin on level 1 of the Dungeon)
 n - a +0 dagger
   (You took it off a kobold on level 1 of the Dungeon)
Armour
 B - a +0 robe (melded)
 F - a +0 pair of boots (melded)
   (You found it on level 2 of the Dungeon)
Scrolls
 g - 6 scrolls of identify {unknown}
 i - 2 scrolls of remove curse
 l - 3 scrolls of fog {unknown}
 m - 2 scrolls of magic mapping {unknown}
 o - a scroll of recharging {unknown}
 p - a scroll of teleportation {unknown}
 s - a scroll of immolation {unknown}
 w - a scroll of random uselessness {unknown}
Potions
 u - a potion of flight
Comestibles
 c - a bread ration
 h - a beef jerky
 v - a meat ration


   Skills:
 - Level 2.0 Fighting
 - Level 1.0 Staves
 + Level 7.5 Bows
 - Level 2.1 Dodging
 - Level 1.1 Stealth
   Level 1.0 Shields


You had 3 spell levels left.
You didn't know any spells.

Dungeon Overview and Level Annotations

Branches:
Dungeon (4/15)
 Temple: D:4-7

Altars:

Shops:
D:4 *

Annotations:
D:4 2 exclusions


Innate Abilities, Weirdness & Mutations

((You have a beak for a mouth.))
((You have sharp toenails.))
Your mind is acute. (Int +2)


Message History

Okay, then.
Really attack barehanded?
You closely miss the adder. The adder bites you.
* * * LOW HITPOINT WARNING * * *
You hit the adder.
The adder is moderately wounded.
The adder bites you but does no damage. x2
You smack the adder!
You kill the adder!
Wield which item (- for none, * to show all)? (? for menu, Esc to quit)
c - a bread ration (in branch)
You swing at nothing.
You swing at nothing.
You swing at nothing.
You swing at nothing.
Your magical contamination has completely faded away.
You swing at nothing.
You swing at nothing.
You swing at nothing.
You swing at nothing.
You swing at nothing.
You swing at nothing.
You swing at nothing.
You swing at nothing.
You swing at nothing.
You swing at nothing.
You swing at nothing.
You swing at nothing.
You swing at nothing.
You swing at nothing.
You swing at nothing.
You swing at nothing.
You swing at nothing.
You swing at nothing.
You swing at nothing.
You swing at nothing.
You swing at nothing.
You swing at nothing.
You swing at nothing.
Your transformation is almost over.
You swing at nothing.
You swing at nothing.
You swing at nothing.
You hear the rusting of a very distant drain.
You swing at nothing.
You swing at nothing.
You swing at nothing.
You feel less woody.
Your +0 pair of boots unmelds from your body.
Your +0 robe unmelds from your body.
Press: ? - help, v - describe, . - travel The floor.
Reduced exclusion size to a single square.
Wield which item (- for none, * to show all)? (? for menu, Esc to quit)
b - a +0 quarterstaff (weapon)
Found Vibop's General Store.
Found 4 gold pieces.
Found a gilded ring.
There is an entrance to Vibop's General Store here.
i - 2 scrolls of remove curse (gained 1) Thank you for shopping at Vibop's General Store!
You can access your shopping list by pressing '$'.
Okay, then.
A worker ant comes into view.
Found a stone staircase leading down.
There is a fountain of clear blue water here.
Okay, then.
You turn into a tree.
Your +0 pair of boots melds into your body.
Your +0 robe melds into your body.
Your roots penetrate the ground.
The worker ant twitches its antennae in your direction.
The worker ant moves out of view.
Wield which item (- for none, * to show all)? (? for menu, Esc to quit)
You are now empty-handed.
The ogre shouts!
Really attack barehanded?
You hit the scorpion.
The scorpion is lightly wounded.
The scorpion stings you.
* * * LOW HITPOINT WARNING * * *
You are poisoned.
The scorpion poisons you!
You hit the scorpion.
The scorpion is moderately wounded.
* * * LOW HITPOINT WARNING * * *
You feel sick.
The scorpion stings you but does no damage.
You hit the scorpion.
The scorpion is moderately wounded.
* * * LOW HITPOINT WARNING * * *
You feel sick. The scorpion stings you.
* * * LOW HITPOINT WARNING * * *
You barely miss the scorpion.
The scorpion is moderately wounded.
The scorpion stings you but does no damage.
You barely miss the scorpion.
The scorpion is moderately wounded.
* * * LOW HITPOINT WARNING * * *
You feel sick. The scorpion completely misses you.
Are you sure you want to abandon this character and quit the game? (Confirm with "yes".)

. .. # .. #. #.. #.
#...####### ..>
.....<....########
....
..#.........##⌠.⌠#
.....
########.....∩.#a.....
##...⌠.♣sZO....
#.....$######.
#...#### ...### ....#
##...# ###.. #..


You could see an ogre, a scorpion, a worker ant and a bullfrog skeleton.

Vanquished Creatures
  A worker ant (D:3)
  7 adders
  2 gnolls (D:3)
  A worm (D:3)
  2 giant cockroaches (D:1)
  A goblin (D:3)
  6 hobgoblins
  2 kobolds
  6 bats
  2 frilled lizards
  3 rats
33 creatures vanquished.

Notes
Turn   | Place    | Note
-------+----------+-------------------------------------------
     0 | D:1      | tidbits the High Elf Wanderer began the quest for the Orb.
     0 | D:1      | tidbits set off with: a +2 shortbow, 22 arrows, a +0 hand axe, a +0 quarterstaff, a +0 robe, a bread ration
     0 | D:1      | Reached XP level 1. HP: 14/14 MP: 2/2
   178 | D:1      | Reached XP level 2. HP: 17/19 MP: 3/3
   275 | D:2      | Reached skill level 5 in Bows
   364 | D:2      | Reached XP level 3. HP: 20/24 MP: 4/4
   367 | D:2      | Found a faded altar of an unknown god.
   472 | D:3      | Reached skill level 6 in Bows
   595 | D:3      | Reached XP level 4. HP: 12/29 MP: 5/5
   605 | D:4      | Noticed an ogre
   605 | D:4      | Noticed an ogre
   617 | D:3      | Reached skill level 7 in Bows
   672 | D:3      | Gained mutation: Your mind is acute. (Int +2) [potion of mutation]
   672 | D:3      | Gained mutation: You have sharp toenails. [potion of mutation]
   672 | D:3      | Gained mutation: You have a beak for a mouth. [potion of mutation]
   753 | D:4      | Found Vibop's General Store.
   761 | D:4      | Bought a scroll of remove curse for 30 gold pieces
   766 | D:4      | HP: 4/43 [scorpion (2)]
   769 | D:4      | Quit the game

Skill      XL: |  1  2  3  4 |
---------------+-------------+-----
Bows           | 5 6 7 |  7.5
Fighting       | |  2.0
Staves         | |  1.0
Dodging        | |  2.1
Stealth        | |  1.1
Shields        | |  1.0

Action                   |  1- 3 |  4- 6 || total
-------------------------+-------+-------++-------
Melee: Quarterstaff      |    17 |       ||    17
       Unarmed           |       |    18 ||    18
 Fire: Shortbow          |    64 |    13 ||    77
Throw: Javelin           |       |     5 ||     5
  Use: Potion            |       |     7 ||     7
Armor: Robe              |     6 |       ||     6
       Skin              |       |    15 ||    15
Dodge: Dodged            |    18 |    14 ||    32

Table legend:
 A = Turns spent in this place as a percentage of turns spent in the entire game.
 B = Non-inter-level travel turns spent in this place as a percentage of non-inter-level travel turns spent in the entire game.
 C = Inter-level travel turns spent in this place as a percentage of turns spent in this place.
 D = Turns resting spent in this place as a percentage of non-inter-level travel turns spent in this place.
 E = Turns spent auto-exploring this place as a percentage of non-inter-level travel turns spent in this place.
 F = Non-inter-level travel turns spent in this place divided by the number of levels of this place that you've seen.
                   A       B       C       D       E      F
               +-------+-------+-------+-------+-------+----------------------
         Total | 100.0 | 100.0 |   0.0 |   0.0 |   0.0 | 189.5
       Dungeon | 100.0 | 100.0 |   0.0 |   0.0 |   0.0 | 189.5
               +-------+-------+-------+-------+-------+----------------------

Table legend:
 A = Kills in this place as a percentage of kills in entire the game.
 B = Kills by you in this place as a percentage of kills by you in the entire game.
 C = Kills by friends in this place as a percentage of kills by friends in the entire game.
 D = Other kills in this place as a percentage of other kills in the entire game.
 E = Experience gained in this place as a percentage of experience gained in the entire game.
 F = Experience gained in this place divided by the number of levels of this place that you have seen.
                   A       B       C       D       E      F
               +-------+-------+-------+-------+-------+----------------------
         Total | 100.0 | 100.0 |  -nan |  -nan | 100.0 |  48.8
       Dungeon | 100.0 | 100.0 |  -nan |  -nan | 100.0 |  48.8
               +-------+-------+-------+-------+-------+----------------------

Vault maps used:
D:1:      minmay_arrival_four_circles
D:2:      ecumenical_altar_1, minmay_crystal_room
D:3:      kiku_gazebo_garden_becter
D:4:      kennysheep_little_box, minmay_temple_entry_enclosed_plants,
          serial_shops, shop_fountains, lightli_sewer_entry_pipes, st_stairs_9,
          nicolae_tso_besieged_by_evil
